 Dungeon Crawl Stone Soup version 0.29.1-12-g30fa7ad0bf (webtiles) character file.

Game seed: 15203682738191725912

10010 oldriver the Skirmisher (level 11, -5/60 HPs)
             Began as a Vine Stalker Arcane Marksman on Dec 30, 2022.
             Was a Priest of Elyvilon.
             Slain by a five-headed hydra (10 damage)
             ... on level 1 of the Lair of Beasts on Dec 31, 2022.
             The game lasted 00:35:41 (15119 turns).

oldriver the Skirmisher (VSAM)                     Turns: 15119, Time: 00:35:42

Health: -5/60      AC:  7    Str: 18    XL:     11   Next: 55%
Magic:  0/15       EV: 15    Int: 13    God:    Elyvilon [***...]
Gold:   49         SH:  0    Dex: 27    Spells: 10/14 levels left

rFire   . . .      SeeInvis .   a - +2 shortbow (freeze)
rCold   . . .      Faith    .   (shield currently unavailable)
rNeg    . . .      Spirit   +   M - +1 leather armour "Kougumif" {Contam rElec Str+4 Dex+9}
rPois   +          Reflect  .   p - +0 helmet
rElec   +          Harm     .   C - scarf {repulsion}
rCorr   .          Rampage  .   (no gloves)
Will    +....                   B - +1 pair of boots {Stlth+}
Stlth   +++++++...              F - amulet of the acrobat
HPRegen 1.00/turn               k - ring of poison resistance
MPRegen 0.14/turn               z - ring of Vanity {Wiz rPois Stlth+}

@: studying Polearms, repel missiles
A: fangs 3, regeneration 1, magic shield, antimagic bite, no potion heal 2
a: Renounce Religion, Purification, Heal Other, Heal Self


You were on level 1 of the Lair of Beasts.
You worshipped Elyvilon.
Elyvilon was most pleased with you.
You visited 3 branches of the dungeon, and saw 12 of its levels.
You also visited: Bailey.

You collected 631 gold pieces.
You spent 582 gold pieces at shops.

Inventory:

Hand Weapons
 a - a +2 shortbow of freezing (weapon)
 b - a +2 short sword of speed
 o - a +1 sling
Missiles
 j - 25 poisoned darts
Armour
 g - a +0 cloak
 p - a +0 helmet (worn)
 B - a +1 pair of boots of stealth (worn)
 C - a scarf of repulsion (worn)
 M - the +1 leather armour "Kougumif" (worn) {Contam rElec Str+4 Dex+9}
   (You bought it in a shop on level 7 of the Dungeon)

   Str:       It affects your strength (+4).
   Dex:       It affects your dexterity (+9).
   rElec:     It insulates you from electricity.
   Contam:    It causes magical contamination when unequipped.
Jewellery
 k - a ring of poison resistance (left hand)
 r - a ring of fire
 y - an amulet of reflection
 z - the ring of Vanity (right hand) {Wiz rPois Stlth+}
   (You acquired it on level 7 of the Dungeon)

   [ring of wizardry]

   It improves your spell success rate.
   rPois:     It protects you from poison.
   Stlth:     It makes you more stealthy.
 F - an amulet of the acrobat (around neck)
Wands
 m - a wand of mindburst (10)
 t - a wand of paralysis (5)
 w - a wand of iceblast (6)
 x - a wand of digging (7)
 I - a wand of polymorph (3)
 K - a wand of flame (9)
Scrolls
 l - 3 scrolls of identify
 u - 4 scrolls of poison
 D - a scroll of amnesia
 J - 2 scrolls of fog
 L - a scroll of magic mapping
Potions
 c - 3 potions of resistance
 e - 3 potions of attraction
 f - 2 potions of brilliance
 h - 2 potions of curing
 i - 3 potions of mutation
 n - 3 potions of flight
 q - 2 potions of heal wounds
 v - a potion of ambrosia
 A - 3 potions of cancellation
 E - 2 potions of lignification
Miscellaneous
 s - a condenser vane
 G - a box of beasts (inert)


   Skills:
 + Level 8.1 Fighting
 - Level 3.0 Short Blades
 * Level 11.2 Ranged Weapons
 - Level 1.0 Armour
 - Level 4.0 Dodging
 - Level 9.0 Stealth
 - Level 2.0 Spellcasting
 + Level 4.0 Hexes
 + Level 0.0 Translocations
 - Level 2.0 Invocations


You had 10 spell levels left.
You knew the following spells:

 Your Spells              Type           Power      Damage    Failure   Level
a - Slow                  Hex            44%        N/A       2%          1
b - Portal Projectile     Hex/Tloc       12%        N/A       16%         3

Your spell library contained the following spells:

 Spells                   Type           Power      Damage    Failure   Level
 Ensorcelled Hibernation  Hex/Ice        12%        N/A       9%          2
 Beastly Appendage        Tmut           2%         N/A       12%         1
 Foxfire                  Conj/Fire      4%         2x1d4     12%         1
 Inner Flame              Hex/Fire       6%         N/A       16%         3
 Wereblood                Tmut           1%         N/A       17%         2
 Cause Fear               Hex            5%         N/A       22%         4
 Spider Form              Tmut/Pois      1%         N/A       32%         3
 Anguish                  Hex/Necr       3%         N/A       45%         4
 Flame Wave               Conj/Fire      1%         2d4       71%         4
 Blade Hands              Tmut           0%         N/A       96%         5
 Irradiate                Conj/Tmut      0%         3d11      96%         5
 Eringya's Noxious Bog    Tmut/Pois      0%         N/A       100%        6
 Dragon Form              Tmut           0%         N/A       100%        7


Dungeon Overview and Level Annotations

Branches:
Dungeon (9/15)             Temple (1/1) D:6            Lair (2/5) D:8
 Bailey (visited)
  Swamp: Lair:2-3    Shoals: Lair:2-3     Snake: Lair:2-3    Spider: Lair:2-3
    Orc: D:9-12

Altars:
Ashenzari
Cheibriados
Dithmenos
Elyvilon
Fedhas
Gozag
Hepliaklqana
Makhleb
Nemelex Xobeh
Okawaru
Qazlal
Ru
Sif Muna
Trog
Uskayaw
Vehumet
Wu Jian
Xom
Yredelemnul
Zin

Shops:
D:7 [*[(   D:8 =

Annotations:
D:4 1 runed translucent door, gamerdudes's ghost, amateur HuBe


Innate Abilities, Weirdness & Mutations

You have razor-sharp teeth.
Your natural rate of healing is unusually fast.
When hurt, damage is shared between your health and your magic reserves.
Your bite disrupts and absorbs the magic of your enemies.
Potions cannot restore your health.


Message History

You climb upwards.
There is a stone staircase leading down here.
The five-headed hydra attacks as you move away!
The five-headed hydra bites you but does no damage.
The five-headed hydra bites you!
The five-headed hydra completely misses you.
The five-headed hydra bites you! The five-headed hydra bites you.
Casting: Slow (safe; 2% risk of failure)
Confirm with . or Enter, or press ? or * to list all spells.
Aiming: Slow (safe; 2% risk of failure)
Press: ? - help, Shift-Dir - straight line, f - five-headed hydra
Aim: a five-headed hydra (chance to affect: 18%)
The five-headed hydra resists with almost no effort.
The five-headed hydra closely misses you.
The five-headed hydra completely misses you.
The five-headed hydra bites you!
The five-headed hydra closely misses you. x2
Casting: Slow (safe; 2% risk of failure)
Confirm with . or Enter, or press ? or * to list all spells.
Aiming: Slow (safe; 2% risk of failure)
Press: ? - help, Shift-Dir - straight line, f/p - five-headed hydra
Aim: a five-headed hydra (chance to affect: 18%)
Okay, then.
Casting: Slow (safe; 2% risk of failure)
Confirm with . or Enter, or press ? or * to list all spells.
Aiming: Slow (safe; 2% risk of failure)
Press: ? - help, Shift-Dir - straight line, f/p - five-headed hydra
Aim: a five-headed hydra (chance to affect: 18%)
The five-headed hydra resists with almost no effort.
The five-headed hydra bites you. The five-headed hydra bites you! x2
* * * LOW HITPOINT WARNING * * *
The five-headed hydra bites you.
* * * LOW HITPOINT WARNING * * *
The five-headed hydra bites you!
* * * LOW HITPOINT WARNING * * *
As you read the scroll of fear, it crumbles to dust.
You assume a fearsome visage.
The five-headed hydra resists with almost no effort.
The five-headed hydra bites you!
You die...

.#....##....##............#......
###.####.....#........##..##.....
.######.....##........##..#......
.............##.########..##.....
............#...####.###...######
..........................######.
.................................
...........^.....................
...............D@................
..............>#.##+##...........
..#####.##.....+.....#(....###.##
..#......#.....#...........######
..#..................#....#......
..P......#...........#...........
...........................#.....
.........#.....P.....+....##.....
..+......#...........#....#......


You could see a five-headed hydra.

Vanquished Creatures
  Pikel (D:5)
  An elephant (Lair:1)
  A black mamba (Lair:1)
  3 cane toads (Lair:1)
  A komodo dragon (Lair:1)
  A hornet (D:8)
  4 blink frogs (Lair:1)
  5 yaks (Lair:1)
  Duvessa (D:4)
  11 water moccasins
  A black bear (D:8)
  5 orc warriors
  An ice beast (D:6)
  4 sky beasts
  7 wolves (Bailey)
  A centaur (D:7)
  2 lemures
  6 bullfrogs
  7 gnoll sergeants (Bailey)
  5 scorpions
  9 wights (D:8)
  Dowan (D:4)
  4 killer bees (D:8)
  A howler monkey (D:8)
  2 jellies
  3 orc priests
  7 gnoll boudas
  6 hounds
  4 iguanas
  3 hell rats (Lair:1)
  6 orc wizards
  A mummy (D:7)
  17 gnolls
  13 adders
  6 river rats (Lair:1)
  2 shadow imps
  A white imp (D:5)
  A worm (D:2)
  A dart slug (D:3)
  20 orcs
  4 bats
  3 endoplasms
  A giant cockroach (D:1)
  8 hobgoblins
  5 jackals
  4 quokkas
  14 ball pythons
  3 frilled lizards
  9 goblins
  9 kobolds
  5 rats
241 creatures vanquished.

Vanquished Creatures (collateral kills)
  2 killer bees (D:8)
2 creatures vanquished.

Vanquished Creatures (others)
  29 fungi
  22 plants
51 creatures vanquished.

Grand Total: 294 creatures vanquished

Notes
Turn   | Place    | Note
-------+----------+-------------------------------------------
     0 | D:1      | oldriver the Vine Stalker Arcane Marksman began the quest
                  | for the Orb.
     0 | D:1      | Reached XP level 1. HP: 9/9 MP: 3/3
    70 | D:1      | Reached skill level 1 in Fighting
   444 | D:1      | Reached skill level 2 in Ranged Weapons
   582 | D:1      | Reached XP level 2. HP: 14/14 MP: 4/4
   626 | D:1      | Reached skill level 1 in Stealth
   923 | D:1      | Found a faded altar of an unknown god.
  1168 | D:1      | You fall into a shaft and drop 1 floor!
  1168 | D:2      | Found a burning altar of Makhleb.
  1446 | D:2      | Reached XP level 3. HP: 7/18 MP: 2/5
  2056 | D:2      | Got the Secrets of Putrid Ignition
  2585 | D:3      | Reached skill level 3 in Ranged Weapons
  2585 | D:3      | Gained mutation: Your natural rate of healing is unusually
                  | fast. [Vine Stalker growth]
  2585 | D:3      | Reached XP level 4. HP: 23/23 MP: 3/6
  2967 | D:3      | Found a shadowy altar of Dithmenos.
  3448 | D:4      | Noticed gamerdudes's ghost (amateur HuBe)
  3448 | D:4      | Found a runed translucent door.
  3699 | D:3      | Reached XP level 5. HP: 26/26 MP: 3/7
  4119 | D:4      | Reached skill level 4 in Ranged Weapons
  4218 | D:4      | Noticed Dowan
  4223 | D:4      | Noticed Duvessa
  4372 | D:4      | Reached XP level 6. HP: 32/32 MP: 6/8
  4849 | D:4      | Killed Duvessa
  4853 | D:4      | Killed Dowan
  5081 | D:5      | Entered Level 5 of the Dungeon
  5089 | D:5      | Noticed Pikel
  5224 | D:5      | Reached XP level 7. HP: 36/36 MP: 9/9
  5371 | D:5      | Found a sparkling altar of Nemelex Xobeh.
  5613 | D:5      | Reached skill level 5 in Ranged Weapons
  6013 | D:5      | Reached skill level 5 in Stealth
  6209 | D:5      | Reached skill level 1 in Short Blades
  6209 | D:5      | Gained mutation: You have razor-sharp teeth. [Vine Stalker
                  | growth]
  6209 | D:5      | Reached XP level 8. HP: 32/42 MP: 5/10
  6286 | D:5      | Killed Pikel
  6287 | D:5      | Reached skill level 6 in Ranged Weapons
  6548 | D:6      | Reached skill level 7 in Ranged Weapons
  6766 | D:6      | Found a staircase to the Ecumenical Temple.
  6814 | Temple   | Entered the Ecumenical Temple
  7097 | Temple   | Became a worshipper of Elyvilon the Healer
  7188 | D:6      | Reached XP level 9. HP: 29/46 MP: 6/11
  7323 | D:6      | Reached skill level 5 in Fighting
  7579 | D:6      | Found an opulent altar of Gozag.
  8155 | D:7      | Reached * piety under Elyvilon
  8238 | D:7      | Found a snail-covered altar of Cheibriados.
  8318 | D:7      | Reached skill level 8 in Ranged Weapons
  8335 | D:7      | HP: 1/47 [iguana (5)]
  8669 | D:7      | Found Dimag's Antique Armour Boutique.
  8674 | D:7      | Bought a pair of runed boots for 180 gold pieces
  8674 | D:7      | Bought a runed scarf for 192 gold pieces
  8681 | D:7      | Identified a scroll of acquirement
  8681 | D:7      | Acquired the ring of Vanity {Wiz rPois Stlth+}
  8747 | D:7      | Found Duohuc's Antique Armour Boutique.
  8826 | D:7      | Found Viut Dam's General Store.
  8940 | D:7      | Found Sisyan's Weapon Emporium.
  9211 | D:8      | Found a flagged portal.
  9280 | Bailey   | Entered a bailey
  9340 | Bailey   | Reached XP level 10. HP: 53/53 MP: 10/12
 10040 | Bailey   | Reached skill level 9 in Ranged Weapons
 10259 | Bailey   | Identified the +2 leather armour of Amiaf {+Blink rElec
                  | Will+++ Int-3}
 10416 | Bailey   | Reached skill level 1 in Invocations
 11291 | D:8      | Found Saite's Jewellery Emporium.
 11489 | D:8      | HP: 1/53 [hornet (8)]
 11970 | D:8      | Found a glowing silver altar of Zin.
 11978 | D:8      | Reached ** piety under Elyvilon
 12120 | D:8      | Found a broken altar of Ashenzari.
 12144 | D:8      | Reached skill level 10 in Ranged Weapons
 12316 | D:8      | Found a staircase to the Lair.
 12398 | D:8      | Learned a level 3 spell: Portal Projectile
 12402 | Lair:1   | Entered Level 1 of the Lair of Beasts
 12556 | Lair:1   | Noticed a cane toad
 12654 | Lair:1   | Reached XP level 11. HP: 56/58 MP: 6/14
 13725 | Lair:1   | Reached *** piety under Elyvilon
 14008 | Lair:1   | Reached skill level 1 in Armour
 14161 | Lair:1   | Elyvilon protects you from harm!
 14163 | Lair:1   | Reached skill level 11 in Ranged Weapons
 14981 | D:7      | Bought a scorched leather armour for 210 gold pieces
 14981 | D:7      | Identified the +1 leather armour "Kougumif" {Contam rElec
                  | Str+4 Dex+9} (You bought it in a shop on level 7 of the
                  | Dungeon)
 15108 | Lair:2   | Noticed a five-headed hydra
 15117 | Lair:1   | HP: 3/60 [five-headed hydra (6)]
 15119 | Lair:1   | Slain by a five-headed hydra

Illustrated notes

Levels and vault maps discovered:
D:1:      lemuel_arrival_room, layout_basic, chequers_ecumenical_altar_simple
D:2:      layout_loops_ring, basic_altar, minmay_tetromino_l2
D:3:      layout_rooms, nicolae_dithmenos_through_a_glass_darkly, minmay_cupped
D:4:      layout_basic, hellmonk_ghost_happy_afterlife, kennysheep_small_square,
          uniq_duvessa
D:5:      layout_loops_cross, lemuel_round_altar, uniq_pikel
D:6:      layout_loops_corners, mainiacjoe_overflow_chevrons,
          minmay_temple_entry_large_hall
D:7:      layout_loops_corners, slow_altar_1, serial_shops, shop,
          kennysheep_mini, shop, nicolae_shop_crystal, minmay_checkerbox
D:8:      layout_gridville, ashenzari_altar_1, mainiacjoe_overflow_alcove_1,
          grunt_lair_entry_orc_guard_hut, serial_shops, shop, enter_bailey_5
D:9:      minmay_spotlight, layout_rooms
Temple:   minmay_temple_curvy_branch
Lair:1:   layout_regular_city, chequers_serial_rivers_large_b,
          kennysheep_abandoned_house
Lair:2:   beast_lair_carwin_large_4, layout_layer_cave, shoals_dummy_entry,
          spider_nest_entry_rubble

Skill      XL: |  1  2  3  4  5  6  7  8  9 10 11 |
---------------+----------------------------------+-----
Fighting       | 1 2 3 4 6 7 8 |  8.1
Ranged Weapons | 2 3 4 5 7 8 10 11 | 11.2
Stealth        | 1 2 3 4 5 6 8 9 |  9.0
Dodging        | 2 3 4 |  4.0
Short Blades   | 1 2 3 |  3.0
Invocations    | 2 |  2.0
Spellcasting   | 2 |  2.0
Hexes          | 4 |  4.0
Armour         | 1 |  1.0

Action                   |  1- 3 |  4- 6 |  7- 9 | 10-12 || total
-------------------------+-------+-------+-------+-------++-------
Melee: Short sword       |       |    11 |    79 |     6 ||    96
       Bite              |       |     5 |    36 |     3 ||    44
       Sling             |       |       |    23 |       ||    23
       Punch             |       |       |     1 |       ||     1
 Fire: Sling             |   111 |   200 |   281 |    11 ||   603
       Shortbow          |       |       |    64 |   538 ||   602
 Cast: Slow              |    26 |    38 |    39 |    18 ||   121
       Portal Projectile |       |       |       |    26 ||    26
Invok: Purification      |       |       |     1 |       ||     1
Evoke: Wand              |       |     7 |     8 |     5 ||    20
       Box of beasts     |       |       |       |     1 ||     1
  Use: Scroll            |       |    14 |    10 |     6 ||    30
       Potion            |       |       |     1 |     4 ||     5
 Stab: Invisible         |       |       |       |     1 ||     1
Armor: Robe              |     8 |     9 |       |       ||    17
       Leather armour    |       |    33 |    63 |    66 ||   162
Dodge: Dodged            |    22 |    78 |   155 |   170 ||   425
Block: Other             |       |     6 |    73 |    60 ||   139
       Reflection        |       |     1 |     5 |       ||     6
